 Dungeon Crawl Stone Soup version 0.21.0-3-g78d12a8 (webtiles) character file.

49 Cappuchettey the Digger (level 3, -1/19 HPs)
             Began as a Gargoyle Earth Elementalist on Jan 8, 2018.
             Was an Initiate of Makhleb.
             Slain by Fingolfin's ghost (6 damage)
             ... on level 3 of the Dungeon.
             The game lasted 00:22:00 (1837 turns).

Cappuchettey the Digger (GrEE)                      Turns: 1837, Time: 00:22:01

Health: -1/19      AC:  7    Str: 11    XL:     3   Next: 75%
Magic:  1/7        EV: 11    Int: 16    God:    Makhleb [......]
Gold:   101        SH:  0    Dex: 10    Spells: 1/7 levels left

rFire    . . .     SeeInvis .   f - +0 spear
rCold    . . .     Gourm    .   (no shield)
rNeg     + . .     Faith    .   s - +0 leather armour
rPois    ∞         Spirit   .   (no helmet)
rElec    +         Reflect  .   (no cloak)
rCorr    .         Harm     .   u - +0 pair of gloves
MR       .....                  (no boots)
Stlth    ++........             (no amulet)
HPRegen  0.06/turn              (no ring)
MPRegen  0.10/turn              (no ring)

@: very slightly contaminated
A: negative energy resistance 1, electricity resistance, unbreathing,
petrification resistance, rot immunity, AC +3
a: Renounce Religion


You were on level 3 of the Dungeon.
You worshipped Makhleb.
Makhleb was noncommittal.
You were not hungry.

You visited 1 branch of the dungeon, and saw 3 of its levels.

You collected 101 gold pieces.

Inventory:

Hand Weapons
 f - a +0 spear (weapon)
 t - a +0 shortbow
Missiles
 b - 10 stones (quivered)
 g - 68 arrows
 j - 17 poisoned needles
Armour
 a - a +0 scale mail
 c - a +0 robe
 o - a +0 ring mail
 s - a +0 leather armour (worn)
 u - a +0 pair of gloves (worn)
Wands
 i - a wand of disintegration (20)
Scrolls
 p - a scroll of identify {unknown}
 q - a scroll of amnesia {unknown}
Potions
 h - a potion of degeneration {unknown}
 m - a potion of heal wounds {unknown}
 n - a potion of curing {unknown}
 r - a potion of haste {unknown}
Books
 e - a book of Geomancy

   Spells                             Type                      Level
   a - Sandblast                      Earth                        1
   b - Passwall                       Transmutation/Earth          2
   c - Stone Arrow                    Conjuration/Earth            3
   d - Petrify                        Transmutation/Earth          4
   e - Lee's Rapid Deconstruction     Earth                        5
Comestibles
 d - 5 rations
 l - a chunk of flesh


   Skills:
 + Level 1.6 Dodging
 + Level 2.9 Stealth
 + Level 2.7 Spellcasting
 + Level 1.1 Transmutations
 + Level 4.1 Earth Magic


You had one spell level left.
You knew the following spells:

 Your Spells              Type           Power        Failure   Level  Hunger
a - Sandblast             Erth           ###...       4%          1    #......
b - Passwall              Tmut/Erth      ##........   13%         2    ##.....
c - Stone Arrow           Conj/Erth      #.....       32%         3    ###....


Dungeon Overview and Level Annotations

Branches:
Dungeon (3/15)

Altars:
Ashenzari
Elyvilon
Makhleb
Ru
Trog
Uskayaw

Annotations:
D:3 Fingolfin's ghost, amateur NaWz


Innate Abilities, Weirdness & Mutations

You are resistant to torment.
Your stone body is resilient. (AC +3)
You are immune to poison.
You resist negative energy. (rN+)
You are resistant to electric shocks. (rElec)
You can survive without breathing.
You are immune to petrification.
You are immune to rotting.


Message History

Press: ? - help, Shift-Dir - straight line, f/p - Fingolfin's ghost
Aim: Fingolfin's ghost (chance to defeat MR: 48%) Fingolfin's ghost is blasted.
Fingolfin's ghost hits you but does no damage.
Evoke which item? (* to show all) (? for menu, Esc to quit)
Aiming: Disintegrate
Press: ? - help, Shift-Dir - straight line, f/p - Fingolfin's ghost
Aim: Fingolfin's ghost (lightly damaged, chance to defeat MR: 48%) Fingolfin's ghost resists with some effort.
Fingolfin's ghost barely misses you.
Casting: Stone Arrow
Confirm with . or Enter, or press ? or * to list all spells.
Okay, then.
Evoke which item? (* to show all) (? for menu, Esc to quit)
Aiming: Disintegrate
Press: ? - help, Shift-Dir - straight line, f/p - Fingolfin's ghost
Aim: Fingolfin's ghost (lightly damaged, chance to defeat MR: 48%) Fingolfin's ghost resists with some effort.
Fingolfin's ghost hits you.
You die...

#.....# #.....# #.....# #.....###
#.......### #..÷..#...##
##.....###..# #### #...W..# ##W#
#..######## #..@...# #.###
##........###.###### ##.<.#####
########.....# #####..........
###...####.....#####.###
###[#.......########..##
##.....#####.....W..##...
#########...###### #######.......
#..........................##....
#.........#.##############.##.###


You could see Fingolfin's ghost.

Vanquished Creatures
  2 adders (D:2)
  A dart slug (D:1)
  A leopard gecko (D:1)
  A ball python (D:2)
  2 giant cockroaches
  A goblin (D:1)
  3 hobgoblins
  A quokka (D:2)
  3 bats
  5 frilled lizards
  5 kobolds
  5 rats
30 creatures vanquished.

Notes
Turn   | Place    | Note
-------+----------+-------------------------------------------
     0 | D:1      | Cappuchettey the Gargoyle Earth Elementalist began the quest for the Orb.
     0 | D:1      | Reached XP level 1. HP: 10/10 MP: 3/3
   465 | D:1      | Reached XP level 2. HP: 15/15 MP: 3/5
   786 | D:2      | Learned a level 2 spell: Passwall
  1021 | D:2      | Found a shattered altar of Ashenzari.
  1021 | D:2      | Found a bloodstained altar of Trog.
  1021 | D:2      | Found a burning altar of Makhleb.
  1021 | D:2      | Found a white marble altar of Elyvilon.
  1031 | D:2      | Reached XP level 3. HP: 17/19 MP: 6/6
  1036 | D:2      | Found a sacrificial altar of Ru.
  1036 | D:2      | Found a hide-covered altar of Uskayaw.
  1075 | D:2      | Became a worshipper of Makhleb the Destroyer
  1153 | D:2      | Reached skill level 4 in Earth Magic
  1212 | D:2      | Found a faded altar of an unknown god.
  1224 | D:2      | Reached skill level 1 in Transmutations
  1576 | D:2      | Upgraded the game from 0.21.0 to 0.21.0-3-g78d12a8
  1619 | D:3      | Learned a level 3 spell: Stone Arrow
  1778 | D:3      | Noticed Fingolfin's ghost (amateur NaWz)
  1837 | D:3      | Slain by Fingolfin's ghost

Skill      XL: |  1  2  3 |
---------------+----------+-----
Earth Magic    | 4 |  4.1
Transmutations | 1 |  1.1
Dodging        | |  1.6
Stealth        | |  2.9
Spellcasting   | |  2.7

Action                   || total
-------------------------++-------
Melee: Spear             ||    43
Throw: Stone             ||     5
 Cast: Sandblast         ||    31
       Passwall          ||     4
       Stone Arrow       ||     3
Evoke: Wand              ||     3
  Eat: Chunk             ||     4
Armor: Scale mail        ||    16
       Ring mail         ||    16
       Leather armour    ||     2
Dodge: Dodged            ||    26
